 Dungeon Crawl Stone Soup version 0.29-a0-837-g174bc33265 (webtiles) character file.

Game seed: 4527850132853903892

739 wrnklr the Sneak (level 7, -3/32 HPs)
             Began as a Spriggan Enchanter on July 13, 2022.
             Slain by a phantom (5 damage)
             ... on level 6 of the Dungeon.
             The game lasted 00:10:20 (5727 turns).

wrnklr the Sneak (Spriggan Enchanter)               Turns: 5727, Time: 00:10:21

Health: -3/32      AC:  8    Str:  6    XL:     7   Next: 46%
Magic:  5/18       EV: 17    Int: 22    God:
Gold:   364        SH:  0    Dex: 16    Spells: 11/19 levels left

rFire   . . .      SeeInvis +   a - +1 dagger
rCold   . . .      Faith    .   (no shield)
rNeg    . . .      Spirit   .   b - +1 robe
rPois   .          Reflect  .   (helmet restricted)
rElec   .          Harm     .   (no cloak)
rCorr   .          Rampage  .   (gloves unavailable)
Will    +....                   (boots unavailable)
Stlth   ++++......              (no amulet)
HPRegen 0.10/turn               h - +6 ring of intelligence
MPRegen 0.16/turn               o - +4 ring of protection

@: mighty, very quick
A: very small, no large weapons, unfitting armour, see invisible, speed 3,
iridescent scales 1, deformed body, screaming 1, wild magic 1
a: no special abilities


You were on level 6 of the Dungeon.
You visited 1 branch of the dungeon, and saw 7 of its levels.

You collected 364 gold pieces.

Inventory:

Hand Weapons
 a - a +1 dagger (weapon)
Armour
 b - a +1 robe (worn)
Jewellery
 h - a +6 ring of intelligence (left hand)
 o - a +4 ring of protection (right hand)
Wands
 q - a wand of roots (3)
Scrolls
 l - a scroll of poison
 m - 2 scrolls of teleportation
 n - a scroll of magic mapping
Potions
 c - 2 potions of invisibility
 d - 4 potions of brilliance
 e - a potion of resistance
 f - a potion of flight
 g - a potion of curing
 i - a potion of ambrosia
 j - a potion of might


   Skills:
 - Level 1.1 Short Blades
 - Level 2.6 Dodging
 + Level 7.4 Stealth
 + Level 6.7 Spellcasting
 + Level 7.2 Hexes


You had 11 spell levels left.
You knew the following spells:

 Your Spells              Type           Power      Damage    Failure   Level
a - Ensorcelled Hibernat  Hex/Ice        60%        N/A       5%          2
b - Tukima's Dance        Hex            50%        N/A       2%          3
d - Confusing Touch       Hex            50%        N/A       2%          3

Your spell library contained the following spells:

 Spells                   Type           Power      Damage    Failure   Level
 Dazzling Flash           Conj/Hex       60%        N/A       10%         3


Dungeon Overview and Level Annotations

Branches:
Dungeon (7/15)
 Temple: D:4-7

Altars:
Ashenzari
Qazlal

Shops:
D:3 [   D:4 [

Annotations:
D:6 2 transporters, anet's ghost, weakling GrCj


Innate Abilities, Weirdness & Mutations

You are very small and have problems with some larger weapons.
You are too small for most types of armour.
You have supernaturally acute eyesight. (SInv)
You cover ground extremely quickly. (Speed+++)
You are partially covered in iridescent scales. (AC +2)
Armour fits poorly on your strangely shaped body.
You occasionally shout uncontrollably at your foes.
Your spells are a little harder to cast, but a little more powerful.


Message History

You closely miss the orc wizard.
The orc wizard is almost dead.
The orc wizard hits you with a +0 dagger.
You hit the phantom.
The phantom is severely damaged.
The phantom seems less confused.
The orc wizard barely misses you. The phantom hits you.
The phantom blinks!
Casting: Ensorcelled Hibernation (safe; 3% risk of failure)
Confirm with . or Enter, or press ? or * to list all spells.
Aiming: Ensorcelled Hibernation (safe; 3% risk of failure)
Press: ? - help, Shift-Dir - straight line, f/p - orc wizard
Aim: an orc wizard, wielding a +0 dagger and wearing a +0 robe (almost dead, slightly transparent, chance to affect: 55%)
The orc wizard resists with significant effort.
The orc wizard hits you but does no damage.
Unknown command.
You feel better. The orc wizard closely misses you.
The orc hits you with a +0 hand axe.
You feel very mighty all of a sudden.
The orc wizard hits you with a +0 dagger.
* * * LOW HITPOINT WARNING * * *
The orc closely misses you.
Unknown command.
It was a potion of mutation.
You feel extremely strange.
Your body twists and deforms.
You feel less in control of your magic.
You feel the urge to shout.
Iridescent scales grow over part of your body.
The orc wizard hits you but does no damage.
The orc hits you with a +0 hand axe.
* * * LOW HITPOINT WARNING * * *
The phantom closely misses you.
You closely miss the orc.
The orc is almost dead.
The orc wizard hits you but does no damage.
The orc hits you with a +0 hand axe.
* * * LOW HITPOINT WARNING * * *
The phantom misses you.
You hit the orc.
You kill the orc!
The orc wizard barely misses you. The phantom hits you.
You die...

########
#......###################
#.......)@oooo.....o....o)
#..≈≈≈≈≈W≈≈≈≈≈...≈≈≈≈≈≈≈≈≈
#..≈≈≈≈≈≈≈≈≈≈≈...≈≈≈≈≈≈≈≈≈
#..≈≈#####...........#####
#..≈≈#.8g#.###.©.###.#.8.#
#..≈≈#...###g#####g###...#
#..≈≈###......ggg......###
#..≈≈.8#.######'######.# .
#..≈≈.##.#P⌠ P. #)W$#.#


You could see an orc warrior, a phantom, a gnoll sergeant, 3 orc wizards and 2
gnolls.

Vanquished Creatures
  A water moccasin (D:6)
  An ice beast (D:6)
  2 bullfrogs (D:6)
  A scorpion (D:5)
  An orc priest (D:4)
  A hound (D:5)
  5 gnolls
  5 adders
  A white imp (D:6)
  2 worms (D:2)
  4 dart slugs
  8 orcs
  3 bats
  6 endoplasms
  4 giant cockroaches
  11 goblins
  5 hobgoblins
  5 kobolds
  4 quokkas
  15 ball pythons
  5 frilled lizards
  4 rats
94 creatures vanquished.

Vanquished Creatures (collateral kills)
  An ogre (D:6)
  A gnoll (D:3)
2 creatures vanquished.

Vanquished Creatures (others)
  A dancing weapon (D:3)
  A black bear (D:6)
  An orc (D:6)
  A fungus (D:1)
  3 plants
7 creatures vanquished.

Grand Total: 103 creatures vanquished

Notes
Turn   | Place    | Note
-------+----------+-------------------------------------------
     0 | D:1      | wrnklr the Spriggan Enchanter began the quest for the Orb.
     0 | D:1      | Reached XP level 1. HP: 9/9 MP: 5/5
   164 | D:1      | Reached XP level 2. HP: 13/13 MP: 7/7
   194 | D:1      | Learned a level 2 spell: Ensorcelled Hibernation
   465 | D:1      | Found a faded altar of an unknown god.
   977 | D:2      | Reached XP level 3. HP: 5/16 MP: 6/9
   981 | D:2      | Learned a level 3 spell: Tukima's Dance
   985 | D:2      | Learned a level 3 spell: Confusing Touch
  1567 | D:2      | Found a broken altar of Ashenzari.
  1986 | D:2      | Reached skill level 5 in Hexes
  1986 | D:2      | Reached XP level 4. HP: 21/21 MP: 6/11
  3839 | D:3      | Found a stormy altar of Qazlal.
  3873 | D:3      | Found Pibuq's Armour Boutique.
  4369 | D:4      | Reached XP level 5. HP: 24/24 MP: 10/13
  4375 | D:4      | Reached skill level 5 in Spellcasting
  4467 | D:4      | Reached skill level 5 in Stealth
  4575 | D:4      | Found Vaarchuann's Antique Armour Shop.
  4895 | D:5      | Entered Level 5 of the Dungeon
  4901 | D:5      | Reached XP level 6. HP: 28/28 MP: 11/15
  5189 | D:5      | You fall into a shaft and drop 2 floors!
  5320 | D:6      | Noticed a water moccasin
  5342 | D:6      | Killed a water moccasin
  5343 | D:6      | Reached XP level 7. HP: 13/32 MP: 0/17
  5577 | D:6      | Found a transporter.
  5619 | D:6      | Found a transporter.
  5629 | D:6      | Noticed anet's ghost (weakling GrCj)
  5725 | D:6      | Gained mutation: Armour fits poorly on your strangely
                  | shaped body. [potion of mutation]
  5725 | D:6      | Gained mutation: Your spells are a little harder to cast,
                  | but a little more powerful. [potion of mutation]
  5725 | D:6      | Gained mutation: You occasionally shout uncontrollably at
                  | your foes. [potion of mutation]
  5725 | D:6      | Gained mutation: You are partially covered in iridescent
                  | scales. (AC +2) [potion of mutation]
  5727 | D:6      | Slain by a phantom

Illustrated notes

Levels and vault maps discovered:
D:1:      minmay_arrival_solitary_statue, layout_basic,
          shapermc_ecumenical_altar_mp_urbaneastern
D:2:      layout_loops_ring, basic_altar, kennysheep_path_1,
          kennysheep_generic_room_16
D:3:      layout_loops_corners, mainiacjoe_overflow_concentric_impassable,
          serial_shops, nicolae_square_shop
D:4:      layout_cave_pools, serial_shops, nicolae_square_shop,
          minmay_tree_intersection, minmay_misc_feat_tiny
D:5:      layout_basic, nicolae_ashenzari_panopticon,
          gammafunk_ghost_necromancy, st_stairs_8
D:6:      layout_rooms, grunt_temple_overflow_lords_of_destruction,
          gammafunk_ghost_gnarly_gnolls
D:7:      layout_cave_pools, minmay_temple_entry_crystal_x, minivault_26

Skill      XL: |  1  2  3  4  5  6  7 |
---------------+----------------------+-----
Spellcasting   | 3 4 5 6 |  6.7
Hexes          | 4 5 6 7 |  7.2
Stealth        | 5 6 7 |  7.4
Short Blades   | |  1.1
Dodging        | |  2.6

Action                   |  1- 3 |  4- 6 |  7- 9 || total
-------------------------+-------+-------+-------++-------
Melee: Dagger            |   114 |   164 |    40 ||   318
       Punch             |     2 |       |     2 ||     4
 Cast: Ensorcelled Hiber |     7 |    37 |     8 ||    52
       Tukima's Dance    |       |     5 |       ||     5
       Confusing Touch   |       |     2 |     3 ||     5
  Use: Scroll            |     8 |     8 |       ||    16
       Potion            |       |     1 |     3 ||     4
 Stab: Sleeping          |    18 |    30 |     2 ||    50
       Confused          |       |     1 |     4 ||     5
Armor: Robe              |     6 |    18 |    11 ||    35
Dodge: Dodged            |    86 |   105 |    29 ||   220

Table legend: (Time is in decaauts)
 A = Elapsed time spent in this place.
 B = Non-inter-level travel time spent in this place.
 C = Inter-level travel time spent in this place.
 D = Time resting spent in this place.
 E = Time spent auto-exploring this place.
 F = Levels seen in this place.
 G = Mean time per level.
                   A        B        C        D        E       F      G
               +--------+--------+--------+--------+--------+-----+--------+
         Total |   4508 |   4450 |     58 |    506 |   3196 |   7 |  644.0 |
       Dungeon |   4508 |   4450 |     58 |    506 |   3196 |   7 |  644.0 |
               +--------+--------+--------+--------+--------+-----+--------+

Top non-repeatable levels by time:
     D:4: 1084 daAuts
     D:3: 970 daAuts
     D:2: 918 daAuts
     D:1: 859 daAuts
     D:6: 365 daAuts
     D:5: 235 daAuts
     D:7: 72 daAuts
